 Dungeon Crawl Stone Soup version 0.29.0-4-gdea44cf6ec (webtiles) character file.

Game seed: 11556362325825572763

123 qw the Chopper (level 5, 0/30 HPs)
             Began as a Tengu Warper on Aug 28, 2022.
             Shot with a sling bullet by a goblin (4 damage)
             ... on level 3 of the Dungeon.
             The game lasted 00:00:12 (2202 turns).

qw the Chopper (Tengu Warper)                       Turns: 2202, Time: 00:00:13

Health: 0/30       AC:  5    Str: 13    XL:     5   Next: 7%
Magic:  9/9        EV: 13    Int: 13    God:
Gold:   92         SH:  0    Dex: 14    Spells: 8/8 levels left

rFire   . . .      SeeInvis .   Y - +1 hand axe (venom)
rCold   . . .      Faith    .   (no shield)
rNeg    . . .      Spirit   .   f - +0 ring mail
rPois   .          Reflect  .   (helmet restricted)
rElec   .          Harm     .   (no cloak)
rCorr   .          Rampage  .   (no gloves)
Will    .....                   (boots unavailable)
Stlth   +.........              b - amulet of the acrobat
HPRegen 0.10/turn               (no ring)
MPRegen 0.11/turn               (no ring)

@: flying quickly and evasively, quick
A: beak, talons 3, nimble flight
a: no special abilities


You were on level 3 of the Dungeon.
You visited 1 branch of the dungeon, and saw 3 of its levels.

You collected 92 gold pieces.


Innate Abilities, Weirdness & Mutations

You have a beak for a mouth.
You have claws for feet.
Your magical nature lets you fly swiftly and evasively.


   Skills:
 - Level 2.0 Fighting
 + Level 5.6 Axes
 - Level 1.0 Throwing
 - Level 1.1 Armour
 - Level 2.1 Dodging
 - Level 2.0 Spellcasting
 - Level 2.4 Translocations


You had 8 spell levels left.
You didn't know any spells.
Your spell library contained the following spells:

 Spells                   Type           Power      Damage    Failure   Level
 Blink                    Tloc           14%        N/A       30%         2
 Gell's Gravitas          Tloc           7%         N/A       52%         3
 Lesser Beckoning         Tloc           7%         N/A       52%         3
 Teleport Other           Tloc           7%         N/A       52%         3
 Manifold Assault         Tloc           7%         N/A       99%         5

Inventory:

Hand Weapons
 c - a +0 whip
 Y - a +1 hand axe of venom (weapon)
Armour
 e - the +1 leather armour of the Pink Corner {Will++ Str+4 Int-3}
   (You found it on level 3 of the Dungeon)

   Str:       It affects your strength (+4).
   Int:       It affects your intelligence (-3).
   Will:      It greatly increases your willpower.
 f - a +0 ring mail (worn)
Jewellery
 b - an amulet of the acrobat (around neck)
Scrolls
 g - a scroll of identify {unknown}
Potions
 a - a potion of cancellation {unknown}
 d - a potion of degeneration {unknown}
 h - a potion of heal wounds {unknown}
 j - a potion of flight {unknown}
 k - a potion of lignification {unknown}

Dungeon Overview and Level Annotations

Branches:
Dungeon (3/15)

Altars:


Message History

Y - a +1 hand axe of venom (weapon)
2181 ||| BRANDING +1 hand axe of protection.
g - a scroll labelled GOEGIBLUOMN 2 orcs come into view.
The orc shouts! x2
An orc comes into view. It is wielding a +0 hand axe.
The orc moves out of view.
The orc shouts!
An orc priest comes into view. It is wielding a +0 trident.
The orc priest shouts!
The orc closely misses you.
A goblin comes into view. It is wielding a +0 club.
You hit the orc but do no damage.
The orc is poisoned.
The goblin unwields a +0 club.
The goblin wields a +0 sling.
The goblin shoots a sling bullet.
The sling bullet barely misses you.
You hit the orc but do no damage. You claw the orc, but do no damage.
The orc priest mumbles some strange prayers to Beogh against you.
Beogh smites you!
The goblin shoots a sling bullet.
The sling bullet closely misses you.
You barely miss the orc.
The orc is severely wounded.
You hit the orc.
The orc is poisoned.
The orc hits you with a +0 club. The orc misses you.
The orc priest hits you from afar with a +0 trident!
The goblin shoots a sling bullet.
The sling bullet hits you but does no damage.
You closely miss the orc.
The orc is severely wounded.
You hit the orc.
The orc looks as sick as possible!
You kill the orc!
The orc hits you but does no damage.
The orc priest hits you from afar with a +0 trident!
The goblin shoots a sling bullet.
The sling bullet barely misses you.
You hit the orc.
You kill the orc!
You closely miss the orc. The orc misses you.
The orc priest begins to cast a cantrip, but forgets the words!
The goblin shoots a sling bullet.
The sling bullet hits you.
You die...

#....# #....# #....##
###### #.....# #....#
#.....#
#....##########.....#
....................+
#.........#####.....#
....:......# ##@...#
#####......#
#)o....g. ######.#
..o...... ######.##
#..$...... #.......#
#......... #.......#
##....#### ###
#.......# #....#
..########'### #....#
..##.........#


You could see an orc priest, an orc and a goblin.

Vanquished Creatures
  An iguana (D:3)
  4 gnolls (D:2)
  2 adders
  2 dart slugs
  2 orcs (D:3)
  A bat (D:2)
  An endoplasm (D:1)
  3 goblins
  3 hobgoblins
  7 jackals
  A ball python (D:1)
  2 frilled lizards (D:1)
  7 kobolds
  4 rats
40 creatures vanquished.

Vanquished Creatures (others)
  16 plants (D:2)
16 creatures vanquished.

Grand Total: 56 creatures vanquished

Notes
Turn   | Place    | Note
-------+----------+-------------------------------------------
     0 | D:1      | qw the Tengu Warper began the quest for the Orb.
     0 | D:1      | Reached XP level 1. HP: 12/12 MP: 4/4
     0 | D:1      | 0 ||| qw: Version: 0.1-a-89-g26bdef1
     0 | D:1      | 0 ||| qw: Game counter: 2689
     0 | D:1      | 0 ||| qw: Always use a shield: true
     0 | D:1      | 0 ||| qw: God list: Okawaru
     0 | D:1      | 0 ||| qw: Allow faded altars: false
     0 | D:1      | 0 ||| qw: Do Orc after D:15 true
     0 | D:1      | 0 ||| qw: Do second Lair branch before Depths: true
     0 | D:1      | 0 ||| qw: Lair rune preference: random
     0 | D:1      | 0 ||| qw: Plans: Normal
     0 | D:1      | 0 ||| PLANNING D:1-11
    47 | D:1      | 47 ||| Stepping ~*~*~tactically~*~*~ (stealth).
   146 | D:1      | 146 ||| Stepping ~*~*~tactically~*~*~ (stealth).
   147 | D:1      | 147 ||| Stepping ~*~*~tactically~*~*~ (stealth).
   149 | D:1      | 149 ||| Stepping ~*~*~tactically~*~*~ (stealth).
   152 | D:1      | 152 ||| Stepping ~*~*~tactically~*~*~ (stealth).
   432 | D:1      | Reached XP level 2. HP: 17/17 MP: 6/6
   443 | D:1      | 443 ||| Stepping ~*~*~tactically~*~*~ (stealth).
   445 | D:1      | 445 ||| Stepping ~*~*~tactically~*~*~ (stealth).
   450 | D:1      | Reached skill level 3 in Axes
   959 | D:1      | 959 ||| UPGRADING to +0 ring mail.
   969 | D:1      | 969 ||| DROPPING +0 leather armour.
   970 | D:1      | 970 ||| READING scroll labelled QIHURAROMN.
   971 | D:1      | 971 ||| READING scroll labelled LAXZYS JINN.
   972 | D:1      | 972 ||| READING scroll labelled LECSU UDOIRI.
   973 | D:1      | 973 ||| READING scroll labelled IDIOMIAVUI.
   974 | D:1      | 974 ||| READING scroll labelled ILUWAUCHESH.
   975 | D:1      | 975 ||| DROPPING scroll of blinking.
  1009 | D:2      | 1009 ||| Stepping ~*~*~tactically~*~*~ (stealth).
  1049 | D:2      | Reached XP level 3. HP: 21/21 MP: 7/7
  1122 | D:2      | 1122 ||| DROPPING +0 club.
  1147 | D:2      | Reached skill level 4 in Axes
  1202 | D:2      | 1202 ||| Stepping ~*~*~tactically~*~*~ (stealth).
  1307 | D:2      | 1307 ||| Stepping ~*~*~tactically~*~*~ (hiding).
  1310 | D:2      | 1310 ||| Stepping ~*~*~tactically~*~*~ (hiding).
  1362 | D:2      | 1362 ||| Stepping ~*~*~tactically~*~*~ (stealth).
  1421 | D:2      | 1421 ||| Stepping ~*~*~tactically~*~*~ (stealth).
  1422 | D:2      | 1422 ||| Stepping ~*~*~tactically~*~*~ (stealth).
  1425 | D:2      | 1425 ||| Stepping ~*~*~tactically~*~*~ (stealth).
  1426 | D:2      | 1426 ||| Stepping ~*~*~tactically~*~*~ (stealth).
  1434 | D:2      | Reached XP level 4. HP: 15/26 MP: 8/8
  1586 | D:2      | Reached skill level 5 in Axes
  1779 | D:2      | 1779 ||| UPGRADING to amulet of the acrobat.
  1784 | D:2      | 1784 ||| READING scroll labelled AZXENU OCLE.
  1785 | D:2      | 1785 ||| READING scroll labelled XYCIEN GAJU.
  1786 | D:2      | 1786 ||| READING scroll labelled ODOAN FOSU.
  1787 | D:2      | 1787 ||| DRINKING 2 fizzy dark potions.
  1891 | D:2      | 1891 ||| DROPPING potion of berserk rage.
  1987 | D:3      | Identified the +1 leather armour of the Pink Corner {Will++
                  | Str+4 Int-3}
  2171 | D:3      | Gained mutation: Your magical nature lets you fly swiftly
                  | and evasively. [Tengu growth]
  2171 | D:3      | Reached XP level 5. HP: 30/30 MP: 9/9
  2181 | D:3      | 2181 ||| READING scroll of brand weapon.
  2181 | D:3      | 2181 ||| BRANDING +1 hand axe of protection.
  2201 | D:3      | HP: 4/30 [orc priest/+0 trident (7)]
  2202 | D:3      | Shot with a sling bullet by a goblin

Levels and vault maps discovered:
D:1:      tarquinn_simple_flora_water_f, layout_basic
D:2:      layout_rooms, minmay_misc_feat_diagonals, nicolae_grassy_gnolls
D:3:      layout_basic, mainiacjoe_overflow_surrounded_room

Skill      XL: |  1  2  3  4 |
---------------+-------------+-----
Axes           | 3 4 5 |  5.6
Fighting       | |  2.0
Throwing       | |  1.0
Armour         | |  1.1
Dodging        | |  2.1
Spellcasting   | |  2.0
Translocations | |  2.4

Action                   |  1- 3 |  4- 6 || total
-------------------------+-------+-------++-------
Melee: Hand axe          |    85 |    30 ||   115
       Kick              |    17 |    12 ||    29
       Peck              |    11 |     2 ||    13
       Punch             |     1 |       ||     1
Throw: Boomerang         |     7 |       ||     7
  Use: Scroll            |     5 |     4 ||     9
       Potion            |       |     1 ||     1
Armor: Leather armour    |    14 |       ||    14
       Ring mail         |    17 |     8 ||    25
Dodge: Dodged            |    53 |    15 ||    68

Table legend:
 A = Non-vault XP
 B = Vault XP
 C = Vault XP percentage of total XP
 D = Non-vault monster count
 E = Vault monster count
 F = Vault count percentage of total count
                 A         B        C        D         E       F
            +---------+---------+-------+---------+---------+-------
      Total |     121 |      58 |  32.4 |      36 |       4 |  10.0
            +---------+---------+-------+---------+---------+-------
        D:1 |      29 |       0 |   0.0 |      17 |       0 |   0.0
        D:2 |      34 |      58 |  63.0 |      13 |       4 |  23.5
        D:3 |      58 |       0 |   0.0 |       6 |       0 |   0.0
            +---------+---------+-------+---------+---------+-------
